 Dungeon Crawl Stone Soup version 0.22-a0-21-g9421e3f (webtiles) character file.

95364 Lanoc the Carver (level 15, 0/120 HPs)
             Began as a Demonspawn Chaos Knight on Jan 2, 2018.
             Slain by a two-headed ogre
             ... wielding a +0 giant spiked club
              (5 damage)
             ... while paralysed by an orc sorcerer
             ... on level 2 of the Orcish Mines.
             The game lasted 01:25:16 (22440 turns).

Lanoc the Carver (Demonspawn Chaos Knight)         Turns: 22440, Time: 01:25:16

Health: 0/120      AC: 25    Str: 15    XL:     15   Next: 66%
Magic:  21/21      EV:  2    Int: 15    God:    Xom [...*..]
Gold:   2329       SH:  0    Dex: 23    Spells: 13/14 levels left

rFire    + . .     SeeInvis .   f - +8 scimitar "Vehabbex" {vamp, Int+4}
rCold    + + .     Gourm    .   (no shield)
rNeg     . . .     Faith    .   Z - +4 plate armour
rPois    +         Spirit   .   x - +0 helmet "Isaluc" {rCorr Dex+4}
rElec    .         Reflect  +   b - +0 cloak
rCorr    +         Harm     .   C - +0 pair of gloves {archery}
MR       ++...                  (no boots)
Stlth    +++.......             P - +4 amulet of reflection
HPRegen  0.30/turn              I - +4 ring of strength
MPRegen  0.17/turn              a - ring of Shadows {Umbra +Inv Stlth+}

@: paralysed, lethally poisoned (0 -> -1), wreathed by umbra, drained
A: claws 1, yellow scales 2, agile 1, blink, blurry vision 1, cold resistance 2,
demonic guardian 3, dopey 1, fire resistance 1, high mp 1, magic resistance 1,
nightstalker 2, sense surroundings 1, poison resistance, weak 2, evolution 1
a: Blink, Renounce Religion, Evoke Invisibility


You were on level 2 of the Orcish Mines.
You worshipped Xom.
You were a favourite toy of Xom.
You were hungry.

You visited 4 branches of the dungeon, and saw 24 of its levels.
You also visited: Ossuary and Bailey.

You collected 2679 gold pieces.
You spent 350 gold pieces at shops.

Inventory:

Hand Weapons
 f - the +8 scimitar "Vehabbex" (weapon) {vamp, Int+4}
   (Xom gifted it to you on level 1 of the Dungeon)

   It inflicts no extra harm, but heals its wielder when it wounds a living foe.
   It affects your intelligence (+4).
 t - a +3 great sword of chaos
 v - a +6 vampiric great sword
 A - a +1 great sword of flaming
Armour
 b - a +0 cloak (worn)
 x - the +0 helmet "Isaluc" (worn) {rCorr Dex+4}
   (You found it in a bailey)

   It affects your dexterity (+4).
   It protects you from acid and corrosion.
 C - a +0 pair of gloves of archery (worn)
 Z - a +4 plate armour (worn)
Jewellery
 a - the ring of Shadows (right hand) {Umbra +Inv Stlth+}
   (You found it on level 10 of the Dungeon)

   [ring of stealth]

   It lets you turn invisible.
   It makes you more stealthy.
 d - an uncursed ring of flight
 h - an uncursed ring of protection from fire
 q - an uncursed ring of resist corrosion
 I - a +4 ring of strength (left hand)
 P - a +4 amulet of reflection (around neck)
 Y - an uncursed ring of ice
Wands
 c - a wand of random effects (74)
 n - a wand of disintegration (29)
 u - a wand of flame (93)
 y - a wand of acid (7)
 J - a wand of clouds (12)
 O - a wand of iceblast (25)
 Q - a wand of polymorph (26)
 S - a wand of enslavement (8)
 U - a wand of paralysis (29)
 V - a wand of digging (11)
Scrolls
 e - 13 scrolls of remove curse
 g - 4 scrolls of immolation
 i - 12 scrolls of teleportation
 j - 3 scrolls of identify
 p - 6 scrolls of fog
 B - 5 scrolls of blinking
 G - a scroll of fear
 H - 3 scrolls of magic mapping
 L - 7 scrolls of enchant armour
Potions
 k - 3 potions of heal wounds
 l - 8 potions of flight
 m - 4 potions of invisibility
 o - 15 potions of curing
 s - 2 potions of berserk rage
 w - 2 potions of cancellation
 z - 3 potions of mutation
 E - 4 potions of ambrosia
 K - 5 potions of might
 M - a potion of resistance
 N - 2 potions of magic
 R - a potion of agility
 W - 4 potions of haste
 X - 5 potions of brilliance
Books
 D - a book of Necromancy

   Spells                             Type                      Level
   a - Pain                           Necromancy                   1
   b - Animate Skeleton               Necromancy                   1
   c - Vampiric Draining              Necromancy                   3
   d - Regeneration                   Charms/Necromancy            3
   e - Animate Dead                   Necromancy                   4
   f - Borgnjor's Vile Clutch         Necromancy/Earth             5
Miscellaneous
 T - a sack of spiders
Comestibles
 r - 53 rations


   Skills:
 + Level 11.9(11.2) Fighting
 * Level 14.7(14.0) Long Blades
 + Level 6.0(5.5) Throwing
 + Level 10.8(10.1) Armour
 + Level 10.6(10.0) Dodging
 + Level 6.5(6.0) Stealth
 + Level 6.3(5.7) Necromancy
 + Level 6.5(6.0) Evocations


You had 13 spell levels left.
You knew the following spells:

 Your Spells              Type           Power        Failure   Level  Hunger
a - Animate Skeleton      Necr           N/A          67%         1    ##.....


Dungeon Overview and Level Annotations

Branches:
Dungeon (15/15)            Temple (1/1) D:4            Lair (6/6) D:10
  Swamp (0/4) Lair:3       Spider (0/4) Lair:3        Slime (0/5) Lair:6
    Orc (2/2) D:10            Elf (0/3) Orc:2        Vaults (0/5) D:14
 Depths (0/5) D:15

Altars:
Ashenzari
Cheibriados
Dithmenos
Elyvilon
Fedhas
Gozag
Hepliaklqana
Kikubaaqudgha
Makhleb
Nemelex Xobeh
Okawaru
Qazlal
Ru
Sif Muna
Trog
Uskayaw
Vehumet
Wu Jian
Xom
Yredelemnul
Zin
The Shining One
Jiyva
Lugonu

Shops:
D:10 *   D:13 }   D:14 (   Orc:2 !(}*}


Innate Abilities, Weirdness & Mutations

You have sharp fingernails.
You are mostly covered in yellow scales. (AC +3)
A powerful demonic guardian rushes to your aid.
You are significantly more attuned to the shadows.
You are agile. (Dex +2)
You can translocate small distances at will.
Scrolls take you a little longer to read.
Your flesh is very cold resistant. (rC++)
You are dopey. (Int -2)
Your flesh is heat resistant. (rF+)
You have an increased reservoir of magic. (+10% MP)
You are resistant to hostile enchantments. (MR+)
You passively map a small area around you.
Your system is resistant to poisons. (rPois)
You are very weak. (Str -4)
You evolve.


Message History

The orc sorcerer mumbles some strange words.
You feel sick.
The two-headed ogre completely misses your cacodemon.
The two-headed ogre barely misses your cacodemon.
The two-headed ogre hits you with a giant spiked club.
* * * LOW HITPOINT WARNING * * *
The two-headed ogre hits you with a giant club!
* * * LOW HITPOINT WARNING * * *
Your cacodemon gestures at the two-headed ogre.
The two-headed ogre resists with significant effort.
The orc warrior throws a tomahawk.
The tomahawk hits your cacodemon!
The orc sorcerer hits you but does no damage.
The ogre hits you but does no damage.
The ogre hits your cacodemon with a giant spiked club!
You are feeling hungry.
You feel sick.
Your cacodemon disappears in a puff of smoke!
The two-headed ogre hits you with a giant spiked club.
You die...
Xom chuckles heartily!

.######...######.. ,
..........)........ , ,
...................
..#..........)........ *
......................
,.........)............
*
,,......................
(..Oo4........).......
...o§@O..........∩.... ,
...OO)O.)......))).... *
, ..#...................
, .#....................
, #.....................
#....................#
............#..... , , ,
, , , * , , ,, * ,


You could see 2 two-headed ogres, a rust devil, an orc sorcerer, an orc warrior,
2 ogres and a friendly two-headed ogre.

Vanquished Creatures
  A fire giant (D:14)
  A dire elephant (Lair:6)
  4 hydras
  A merfolk avatar (Lair:6)
  10 two-headed ogres
  A catoblepas (Lair:6)
  2 ogre magi
  3 centaur warriors
  A death knight (D:11)
  An orc high priest (Orc:2)
  3 skeletal warriors
  A flayed ghost (D:9)
  An unseen horror (D:7)
  A lindwurm (Lair:4)
  3 orc knights
  6 deep elf magi
  2 manticores
  3 orc sorcerers
  11 ugly things
  5 cyclopes
  A moth of wrath (shapeshifter) (D:14)
  Maurice (Orc:2)
  A black mamba (shapeshifter) (D:14)
  3 black mambas
  13 elephants
  A torpor snail (Lair:3)
  3 centaur skeletons
  3 gargoyles
  16 spiny frogs
  2 kobold demonologists
  6 komodo dragons
  6 rime drakes
  2 freezing wraiths
  2 trolls
  3 jumping spiders (Lair:3)
  3 polar bears (Lair:6)
  A wind drake (Lair:6)
  14 blink frogs
  Grinder (D:5)
  10 hippogriffs
  2 meliai zombies
  2 hornets (Lair:6)
  5 dream sheep (Lair:6)
  A centaur simulacrum (D:14)
  2 shadows
  6 redbacks
  A vampire (D:12)
  4 wraiths
  57 yaks
  3 wyverns (Lair:6)
  2 basilisks
  3 hungry ghosts
  2 vampire mosquitoes (D:14)
  A warg (Orc:2)
  Edmund (D:6)
  An acid dragon (D:14)
  A soldier ant (Lair:1)
  11 water moccasins
  11 porcupines
  An ice beast (D:14)
  4 sky beasts
  2 black bears (D:10)
  A necrophage (D:9)
  2 phantoms
  22 ogres
  20 orc warriors
  An eye of draining (shapeshifter) (D:14)
  16 centaurs
  7 wolves
  3 big kobolds
  10 crocodiles
  7 bullfrogs
  A water moccasin skeleton (D:8)
  A water moccasin zombie (D:5)
  2 scorpions
  A wyvern skeleton (D:11)
  8 killer bees
  7 small abominations (D:7)
  18 wights
  8 howler monkeys
  4 electric eels (Bailey)
  3 crimson imps
  A bullfrog zombie (D:11)
  3 hounds
  5 jellies
  3 centaur zombies
  11 orc priests
  3 bullfrog skeletons
  A gnoll shaman (D:6)
  Natasha (thrice) (D:2)
  8 iguanas
  27 orc wizards
  17 worker ants
  A worker ant zombie (D:11)
  A howler monkey zombie (D:7)
  8 mummies (Ossuary)
  9 gnolls
  13 adders
  6 shadow imps
  An adder skeleton (D:5)
  A worm (D:2)
  4 dart slugs
  The ghost of tidbits the Grave Robber, a weakling FeNe (D:3)
  4 leopard geckos
  42 orcs
  11 giant cockroaches
  25 goblins
  17 hobgoblins
  12 jackals
  3 quokkas
  A ball python (D:6)
  6 bats
  3 frilled lizards
  3 hobgoblin zombies (Ossuary)
  A jackal skeleton (D:4)
  10 kobolds
  A kobold zombie (Ossuary)
  A leopard gecko skeleton (D:7)
  A leopard gecko zombie (D:6)
  4 orc zombies (Ossuary)
  A quokka skeleton (D:7)
  9 rats
  4 plants
704 creatures vanquished.

Vanquished Creatures (collateral kills)
  Gastronok (Lair:3)
  A yaktaur captain (D:15)
  Snorg (D:12)
  2 centaur warriors
  2 hydras
  8 two-headed ogres
  An ogre mage (D:10)
  A skeletal warrior (D:15)
  The ghost of Apogee the Destroyer, a novice DrAE of Dithmenos (D:9)
  A sea snake (shapeshifter) (D:9)
  An ugly thing (D:14)
  A torpor snail (D:9)
  4 elephants
  A black mamba (D:10)
  A yaktaur (D:15)
  2 hornets
  A polar bear (Lair:6)
  6 dream sheep (Lair:6)
  A hippogriff (shapeshifter) (D:14)
  2 hippogriffs
  4 blink frogs
  A redback (Lair:3)
  9 yaks
  A basilisk (D:12)
  A vampire mosquito (D:14)
  A hungry ghost (D:8)
  An acid dragon (D:14)
  A water moccasin (Lair:3)
  2 orc warriors
  A porcupine (D:10)
  A black bear (D:10)
  4 ogres
  6 centaurs
  A crocodile (Lair:3)
  2 bullfrogs
  A killer bee (D:8)
  5 wights
  An orc priest (Orc:2)
  A centaur skeleton (D:8)
  An orc wizard (D:12)
  2 worker ants
  A hound skeleton (D:8)
  3 gnolls (D:5)
  2 adders
  2 orcs
  A giant cockroach (D:12)
  5 kobolds
  2 butterflies (D:12)
102 creatures vanquished.

Vanquished Creatures (others)
  A spiny frog (Lair:6)
  A blink frog (Lair:3)
  4 bushes (Lair:6)
  26 fungi
  20 plants
52 creatures vanquished.

Grand Total: 858 creatures vanquished

Notes
Turn   | Place    | Note
-------+----------+-------------------------------------------
     0 | D:1      | Lanoc the Demonspawn Chaos Knight began the quest for the Orb.
     0 | D:1      | Reached XP level 1. HP: 18/18 MP: 1/1
    39 | D:1      | Reached skill level 1 in Dodging
    74 | D:1      | Gained mutation: You are partially covered in yellow scales. (AC +2) [demonic ancestry]
    74 | D:1      | Reached XP level 2. HP: 24/24 MP: 2/2
   119 | D:1      | Reached skill level 3 in Long Blades
   545 | D:1      | XOM: harmless Chrm miscast
   722 | D:1      | Gained mutation: You are slightly more attuned to the shadows. [demonic ancestry]
   722 | D:1      | Reached XP level 3. HP: 29/29 MP: 3/3
   777 | D:1      | XOM: divination: detect items
   923 | D:1      | XOM: god gift: shimmering scimitar {god gift}
   924 | D:1      | Got a shimmering scimitar {god gift}
   927 | D:1      | Identified the +8 scimitar "Vehabbex" {vamp, Int+4} (Xom gifted it to you on level 1 of the Dungeon)
  1071 | D:2      | Noticed a scorpion
  1086 | D:2      | Found a bloodstained altar of Trog.
  1141 | D:2      | XOM: confuse monster(s)
  1181 | D:2      | XOM: harmless Hex miscast
  1199 | D:2      | Noticed Natasha
  1207 | D:2      | Killed Natasha
  1207 | D:2      | Reached XP level 4. HP: 35/35 MP: 4/4
  1257 | D:2      | Reached skill level 4 in Long Blades
  1257 | D:2      | Gained mutation: A weak demonic guardian rushes to your aid. [demonic ancestry]
  1257 | D:2      | Reached XP level 5. HP: 42/42 MP: 5/5
  1259 | D:2      | XOM: mild Summ miscast
  1260 | D:2      | Noticed a spatial vortex
  1301 | D:2      | XOM: mild Tmut miscast
  1430 | D:2      | Noticed Natasha
  1434 | D:2      | Killed Natasha
  1460 | D:2      | Noticed Natasha
  1476 | D:2      | Killed Natasha
  1916 | D:3      | Reached XP level 6. HP: 48/48 MP: 6/6
  2179 | D:3      | Noticed tidbits's ghost (weakling FeNe)
  2192 | D:3      | Killed tidbits's ghost
  2424 | D:4      | Found a sand-covered staircase.
  2429 | Ossuary  | Entered an ossuary
  2548 | Ossuary  | XOM: medium Tmut miscast
  2582 | Ossuary  | Reached skill level 5 in Long Blades
  2586 | Ossuary  | XOM: divination: magic mapping
  2805 | D:4      | Gained mutation: A demonic guardian rushes to your aid. [demonic ancestry]
  2805 | D:4      | Reached XP level 7. HP: 55/55 MP: 7/7
  2866 | D:4      | Found a burning altar of Makhleb.
  2867 | D:4      | Found a white marble altar of Elyvilon.
  2940 | D:4      | Found a staircase to the Ecumenical Temple.
  2987 | Temple   | Entered the Ecumenical Temple
  3371 | D:4      | XOM: harmless Pois miscast
  3437 | D:4      | XOM: divination: magic mapping
  3727 | D:5      | Entered Level 5 of the Dungeon
  3821 | D:5      | Reached skill level 5 in Fighting
  3845 | D:5      | Found an ancient bone altar of Kikubaaqudgha.
  3866 | D:5      | Noticed Grinder
  3871 | D:5      | Killed Grinder
  3871 | D:5      | Reached skill level 6 in Long Blades
  3871 | D:5      | Gained mutation: You have sharp fingernails. [demonic ancestry]
  3871 | D:5      | Reached XP level 8. HP: 62/62 MP: 8/8
  3895 | D:5      | XOM: harmless Pois miscast
  3993 | D:5      | XOM: mild Necr miscast
  4018 | D:5      | Found a blossoming altar of Fedhas.
  4023 | D:5      | XOM: butterfly on damage
  4150 | D:6      | XOM: harmless Necr miscast
  4159 | D:6      | XOM: summons friendly ufetubus
  4192 | D:6      | Found a shimmering altar of Xom.
  4288 | D:6      | Noticed Edmund
  4301 | D:6      | Killed Edmund
  4307 | D:6      | Reached skill level 7 in Long Blades
  4576 | D:6      | XOM: cloud trail
  4630 | D:6      | Reached skill level 5 in Armour
  4636 | D:6      | Reached XP level 9. HP: 56/68 MP: 9/9
  4687 | D:6      | XOM: harmless Erth miscast
  5055 | D:7      | Found a deep blue altar of Sif Muna.
  5075 | D:7      | Reached skill level 5 in Dodging
  5127 | D:7      | Found a hazy altar of Hepliaklqana.
  5129 | D:7      | Noticed a skeletal warrior
  5132 | D:7      | Found a transporter.
  5142 | D:7      | Found a transporter.
  5256 | D:7      | Found a transporter.
  5266 | D:7      | Found a corrupted altar of Lugonu.
  5486 | D:7      | Noticed a red ugly thing
  5486 | D:7      | XOM: destruction
  5487 | D:7      | Noticed a white ugly thing
  5488 | D:7      | Noticed a white ugly thing
  5554 | D:8      | Reached skill level 8 in Long Blades
  5663 | D:8      | Found a sacrificial altar of Ru.
  5692 | D:8      | Found a glowing silver altar of Zin.
  5773 | D:8      | XOM: noise
  5785 | D:8      | XOM: god gift: 17 stones
  6150 | D:9      | XOM: enchant monster (good)
  6179 | D:9      | Noticed a two-headed ogre
  6184 | D:9      | Killed a two-headed ogre
  6184 | D:9      | Reached skill level 9 in Long Blades
  6184 | D:9      | Gained mutation: You are mostly covered in yellow scales. (AC +3) [demonic ancestry]
  6184 | D:9      | Reached XP level 10. HP: 75/78 MP: 10/10
  6188 | D:9      | Noticed Apogee's ghost (novice DrAE)
  6196 | D:9      | Killed Apogee's ghost
  6499 | D:9      | XOM: 1-stop teleportation journey
  6563 | D:9      | XOM: mild Chrm miscast
  6709 | D:9      | Noticed a centaur warrior
  6711 | D:9      | Noticed a torpor snail
  6711 | D:9      | a centaur warrior changed into a torpor snail
  6711 | D:9      | XOM: polymorph centaur warrior -> torpor snail
  6717 | D:9      | Killed a torpor snail
  6829 | D:9      | Found a runed door.
  6941 | D:9      | Noticed a flayed ghost
  6946 | D:9      | Noticed a white ugly thing
  6947 | D:9      | Killed a flayed ghost
  6947 | D:9      | Reached skill level 10 in Long Blades
  6954 | D:9      | Killed a white ugly thing
  6964 | D:9      | Noticed a deep troll
  6964 | D:9      | XOM: divination: magic mapping
  6966 | D:9      | Noticed a swamp dragon
  6966 | D:9      | a deep troll changed into a swamp dragon
  6975 | D:9      | Noticed a cyclops
  7200 | D:9      | Noticed a sea snake
  7203 | D:9      | Killed a sea snake
  7203 | D:9      | Reached XP level 11. HP: 77/85 MP: 11/11
  7237 | D:9      | Identified the Volume of Aerial Moulding
  7297 | D:10     | Entered Level 10 of the Dungeon
  7300 | D:10     | XOM: polymorph hippogriff -> black mamba
  7348 | D:10     | Found an iron altar of Okawaru.
  7438 | D:10     | Noticed a two-headed ogre
  7449 | D:10     | Killed a two-headed ogre
  7460 | D:10     | Noticed a two-headed ogre
  7465 | D:10     | Killed a two-headed ogre
  7479 | D:10     | Noticed a two-headed ogre
  7489 | D:10     | Killed a two-headed ogre
  7539 | D:10     | Found Nirhoel's General Store.
  7548 | D:10     | Noticed a deep elf mage
  7557 | D:10     | Killed a deep elf mage
  7557 | D:10     | Reached skill level 11 in Long Blades
  7616 | D:10     | Noticed a two-headed ogre
  7623 | D:10     | XOM: smoke on damage
  7629 | D:10     | Killed a two-headed ogre
  7737 | D:10     | Found a staircase to the Orcish Mines.
  7805 | D:10     | Found a staircase to the Lair.
  7975 | D:10     | Noticed a two-headed ogre
  7975 | D:10     | Noticed a two-headed ogre
  7975 | D:10     | Noticed a two-headed ogre
  7976 | D:10     | XOM: divination: magic mapping
  7977 | D:10     | Noticed an ogre mage
  7980 | D:10     | XOM: swap monsters
  7981 | D:10     | Found the ring of Shadows {Umbra +Inv Stlth+}
  7984 | D:10     | Killed a two-headed ogre
  7988 | D:10     | XOM: divination: magic mapping
  7989 | D:10     | Killed a two-headed ogre
  7993 | D:10     | XOM: polymorph ogre -> rime drake
  7994 | D:10     | Killed an ogre mage
  8007 | D:10     | Killed a two-headed ogre
  8007 | D:10     | Reached XP level 12. HP: 45/95 MP: 12/12
  8141 | D:11     | XOM: blink monster(s)
  8142 | D:11     | Noticed a death knight
  8147 | D:11     | XOM: enchant monster (good)
  8680 | D:11     | Reached skill level 12 in Long Blades
  8774 | D:11     | XOM: 3-stop teleportation journey
  8776 | D:11     | XOM: confusion
  8781 | D:11     | XOM: mild Chrm miscast
  8787 | D:11     | XOM: noise
  8789 | D:11     | XOM: chaos upgrade
  8800 | D:11     | Killed a death knight
  8969 | D:11     | XOM: polymorph soul eater -> soul eater
  8985 | D:11     | Reached skill level 10 in Fighting
  8986 | D:11     | XOM: harmless Tmut miscast
  9216 | D:11     | XOM: harmless Chrm miscast
  9370 | D:12     | XOM: 1-stop teleportation journey
  9371 | D:12     | Noticed an ogre mage
  9371 | D:12     | Noticed a two-headed ogre
  9371 | D:12     | Noticed a two-headed ogre
  9371 | D:12     | Noticed a two-headed ogre
  9377 | D:12     | Killed a two-headed ogre
  9381 | D:12     | XOM: smoke on damage
  9389 | D:12     | XOM: blink monster(s)
  9391 | D:12     | Killed a two-headed ogre
  9395 | D:12     | Killed a two-headed ogre
  9395 | D:12     | Reached skill level 1 in Throwing
  9395 | D:12     | Reached skill level 1 in Stealth
  9395 | D:12     | Reached skill level 1 in Evocations
  9409 | D:12     | Killed an ogre mage
  9427 | D:12     | Noticed a two-headed ogre
  9435 | D:12     | Killed a two-headed ogre
  9442 | D:12     | XOM: cloud trail
  9531 | D:12     | XOM: noise
  9575 | D:12     | XOM: noise
  9657 | D:12     | XOM: harmless Conj miscast
  9729 | D:12     | XOM: cast spell 'Statue Form'
  9825 | D:12     | XOM: harmless Conj miscast
 10004 | D:12     | Found a runed door.
 10020 | D:12     | Noticed Snorg
 10033 | D:12     | XOM: 4-stop teleportation journey
 10071 | D:12     | XOM: divination: detect creatures
 10317 | D:12     | Found a runed door.
 10322 | D:12     | Killed Snorg
 10322 | D:12     | Gained mutation: You are significantly more attuned to the shadows. [demonic ancestry]
 10322 | D:12     | Reached XP level 13. HP: 104/104 MP: 14/14
 10358 | D:12     | XOM: give mutations
 10358 | D:12     | Gained mutation: You are agile. (Dex +2) [Xom's grace]
 10358 | D:12     | Gained mutation: Your flesh is cold resistant. (rC+) [Xom's grace]
 10504 | D:12     | XOM: smoke on damage
 10571 | D:12     | XOM: medium Hex miscast
 10807 | D:13     | Identified the Catalogue of Axaxaxas mlö
 10874 | D:13     | Identified the Volume of Dhcmrlchtdj
 10881 | D:13     | Identified the Papyrus of Combed Thunderclap
 11065 | D:13     | XOM: stat loss: -1 Int (16/17)
 11075 | D:13     | Found Agecimumo's Gadget Shop.
 11096 | D:13     | Reached skill level 13 in Long Blades
 11151 | D:13     | XOM: summons 1 hostile demon
 11276 | D:13     | XOM: summons 4 hostile demons
 11408 | D:13     | Learned a level 1 spell: Animate Skeleton
 11429 | D:14     | XOM: mild Hex miscast
 11460 | D:14     | Found a gate to the Vaults.
 11482 | D:14     | Found a large runed door.
 11496 | D:14     | XOM: cast spell 'Ring of Flames'
 11504 | D:14     | Reached skill level 1 in Necromancy
 11505 | D:14     | Found a large runed door.
 11555 | D:14     | Found a flagged portal.
 11574 | Bailey   | Entered a bailey
 11639 | Bailey   | XOM: harmless Conj miscast
 11644 | Bailey   | XOM: summons 1 hostile shadow creature
 11648 | Bailey   | XOM: chaos upgrade
 11838 | Bailey   | Found an iron altar of Okawaru.
 12052 | Bailey   | XOM: god gift: ration
 12113 | Bailey   | Got an ancient shortbow
 12115 | Bailey   | Got a crystal hunting sling
 12131 | Bailey   | Identified the +4 hunting sling "Waupolao" {freeze, rF+ Str-5 Int+3 Stlth+} (You found it in a bailey)
 12132 | Bailey   | Identified the +6 shortbow "Faoz" {flame, MR+ Str+3} (You found it in a bailey)
 12136 | Bailey   | Got a heavily runed helmet
 12147 | Bailey   | Identified the +0 helmet "Isaluc" {rCorr Dex+4} (You found it in a bailey)
 12269 | Bailey   | XOM: god gift: arbalest {god gift}
 12307 | Bailey   | XOM is BORED!
 12307 | Bailey   | XOM: summons 6 hostile demons
 12452 | Bailey   | XOM: draining
 12658 | D:14     | XOM: smoke on damage
 12671 | D:14     | XOM: noise
 12745 | D:14     | XOM: mild Summ miscast
 12786 | D:14     | Got a fine buckler
 12792 | D:14     | Identified the +0 buckler "Iclim" {rPois rN+} (You acquired it on level 14 of the Dungeon)
 12806 | D:14     | Found Onyguje's Weapon Shoppe.
 13121 | D:14     | XOM: harmless Pois miscast
 13164 | D:14     | Found an opulent altar of Gozag.
 13250 | D:14     | Found a radiant altar of Vehumet.
 13250 | D:14     | Noticed a fire giant
 13262 | D:14     | HP: 6/157 [fire giant/fireball (45)]
 13265 | D:14     | Killed a fire giant
 13593 | D:14     | Found an iron altar of Okawaru.
 13640 | D:14     | XOM: harmless Necr miscast
 13641 | D:15     | Entered Level 15 of the Dungeon
 13658 | D:15     | XOM: harmless Erth miscast
 13805 | D:15     | Found a shimmering altar of Xom.
 13843 | D:15     | Reached XP level 14. HP: 83/111 MP: 17/17
 14203 | D:15     | Found a staircase to the Depths.
 14203 | D:15     | XOM: noise
 14292 | D:15     | XOM: blink monster(s)
 14307 | D:15     | XOM: destruction
 14309 | D:15     | XOM: harmless Tloc miscast
 14806 | D:15     | XOM: noise
 14913 | D:13     | XOM: noise
 15028 | D:5      | XOM: scenery: 1 doors close
 15110 | D:7      | XOM: divination: detect items
 15224 | D:7      | XOM: summons 7 friendly demons
 15240 | D:7      | Reached skill level 10 in Armour
 15263 | D:7      | XOM: god gift: 2 scrolls of fog
 15286 | D:7      | Found a transporter.
 15564 | Lair:1   | Entered Level 1 of the Lair of Beasts
 15621 | Lair:1   | XOM: polymorph spiny frog -> soldier ant
 15658 | Lair:1   | XOM: fog
 15668 | Lair:1   | XOM: cleaving
 15807 | Lair:1   | XOM: god gift: scroll of fear
 15993 | Lair:1   | XOM: potion effect (invisibility)
 16242 | Lair:1   | Reached skill level 10 in Dodging
 16310 | Lair:1   | You fall through a shaft!
 16575 | Lair:2   | XOM: god gift: potion of curing
 16917 | Lair:1   | Reached skill level 5 in Stealth
 17205 | Lair:3   | Reached skill level 5 in Evocations
 17238 | Lair:3   | XOM: fog
 17292 | Lair:3   | Found a staircase to the Swamp.
 17392 | Lair:3   | XOM: snakes to sticks
 17415 | Lair:3   | Noticed Gastronok
 17437 | Lair:3   | XOM: summons friendly crimson imp
 17440 | Lair:3   | Killed Gastronok
 17477 | Lair:3   | XOM: scenery: create altars
 17667 | Lair:3   | XOM is BORED!
 17667 | Lair:3   | XOM: give mutations
 17667 | Lair:3   | Gained mutation: You are weak. (Str -2) [Xom's mischief]
 17667 | Lair:3   | Gained mutation: You are very weak. (Str -4) [Xom's mischief]
 17667 | Lair:3   | Gained mutation: You are dopey. (Int -2) [Xom's mischief]
 17667 | Lair:3   | Gained mutation: Scrolls take you a little longer to read. [Xom's mischief]
 17750 | Lair:3   | XOM: give mutation
 17750 | Lair:3   | Gained mutation: You can translocate small distances at will. [Xom's grace]
 17796 | Lair:3   | Found a hole to the Spider Nest.
 17813 | Lair:3   | XOM: divine lightning
 17835 | Lair:3   | XOM: noise
 17842 | Lair:3   | Reached skill level 14 in Long Blades
 17932 | Lair:3   | XOM: cloud trail
 18086 | Lair:3   | XOM: divination: detect items
 18134 | Lair:4   | XOM: divination: detect items
 18205 | Lair:4   | Identified Sif Muna's Guide on Excruciating Malediction
 18326 | Lair:4   | Found an iron altar of Okawaru.
 18434 | Lair:4   | XOM: scenery: 2 doors open
 18440 | Lair:4   | XOM: scenery: 2 doors close
 18441 | Lair:4   | Reached skill level 5 in Throwing
 18624 | Lair:4   | XOM: give mutations
 18624 | Lair:4   | Gained mutation: Your flesh is very cold resistant. (rC++) [Xom's grace]
 18624 | Lair:4   | Gained mutation: You evolve. [Xom's grace]
 18769 | Lair:5   | XOM: enchant monster (good)
 18771 | Lair:5   | Reached skill level 5 in Necromancy
 19003 | Lair:5   | XOM: cleaving
 19215 | Lair:5   | XOM: polymorph orange demon -> red devil
 19550 | Lair:5   | Gained mutation: A powerful demonic guardian rushes to your aid. [demonic ancestry]
 19550 | Lair:5   | Reached XP level 15. HP: 119/119 MP: 19/19
 19553 | Lair:5   | XOM: medium Chrm miscast
 19628 | Lair:6   | Entered Level 6 of the Lair of Beasts
 19661 | Lair:6   | XOM: destruction
 19698 | Lair:6   | XOM: fake destruction
 19797 | Lair:6   | XOM: cleaving
 19937 | Lair:6   | XOM: potion effect (invisibility)
 20050 | Lair:6   | XOM: harmless Necr miscast
 20133 | Lair:6   | XOM: give mutations
 20133 | Lair:6   | Gained mutation: You have an increased reservoir of magic. (+10% MP) [Xom's grace]
 20133 | Lair:6   | Gained mutation: You are resistant to hostile enchantments. (MR+) [Xom's grace]
 20203 | Lair:6   | Gained mutation: Your system is resistant to poisons. (rPois) [evolution]
 20217 | Lair:6   | XOM: god gift: shimmering naga barding {god gift}
 20342 | Lair:6   | XOM: divination: detect creatures
 20358 | Lair:6   | XOM: enchant monster (good)
 20412 | Lair:6   | Found a viscous altar of Jiyva.
 20412 | Lair:6   | Found a staircase to the Slime Pits.
 20666 | Lair:6   | XOM: confusion (+ monsters)
 21099 | Orc:1    | Entered Level 1 of the Orcish Mines
 21214 | Orc:2    | Entered Level 2 of the Orcish Mines
 21214 | Orc:2    | Found a staircase to the Elven Halls.
 21298 | Orc:2    | XOM: summons 8 friendly demons
 21557 | Orc:1    | XOM: 3-stop teleportation journey
 21798 | Orc:2    | Noticed Maurice
 21808 | Orc:2    | Killed Maurice
 22048 | Orc:2    | XOM: blink monster(s)
 22110 | Orc:2    | XOM: scenery: create altars
 22119 | Orc:2    | XOM: scenery: create altars
 22302 | Orc:2    | Found Efris's Antique Weapon Shop.
 22303 | Orc:2    | Found Hiuwno's Distillery.
 22304 | Orc:2    | Found Duocofuq's Gadget Boutique.
 22316 | Orc:2    | Found Xyowkag's General Store.
 22342 | Orc:2    | XOM: god gift: 6 rations
 22347 | Orc:2    | Bought a potion of haste for 140 gold pieces
 22347 | Orc:2    | Bought a potion of heal wounds for 70 gold pieces
 22347 | Orc:2    | Bought a potion of heal wounds for 70 gold pieces
 22347 | Orc:2    | Bought a potion of heal wounds for 70 gold pieces
 22386 | Orc:2    | Found Miwel's Gadget Emporium.
 22400 | Orc:2    | XOM: give mutations
 22400 | Orc:2    | Gained mutation: You passively map a small area around you. [Xom's grace]
 22400 | Orc:2    | Gained mutation: Your flesh is heat resistant. (rF+) [Xom's grace]
 22431 | Orc:2    | XOM: blink monster(s)
 22434 | Orc:2    | XOM: enchant monster (good)
 22436 | Orc:2    | Paralysed by an orc sorcerer for 5 turns
 22439 | Orc:2    | HP: 6/120 [two-headed ogre/giant spiked club (9)]
 22440 | Orc:2    | Slain by a two-headed ogre

Vault maps used:
D:1:      saegor_arrival_simple_a, serial_forest, infiniplex_forest_clump_cross,
          infiniplex_forest_clump_diagonal, infiniplex_forest_lined_4_way,
          infiniplex_forest_lined_3_way
D:2:      corexii_leaking_fountain, bloody_trog, uniq_natasha
D:4:      gammafunk_temple_overflow_pools, minmay_temple_entry_purple_smoke,
          first_ration, enter_ossuary_2
D:5:      kiku_gazebo_garden_becter, nicolae_overflow_crystal_walls,
          uniq_grinder
D:6:      lemuel_crystal_altar, corexii_shack, uniq_edmund
D:7:      gammafunk_corrupted_shrine, gammafunk_temple_overflow_arena,
          kennysheep_little_box
D:8:      overflow_temple_1_default, nicolae_ru_the_path_less_chosen,
          blue_anna_alchemist
D:9:      hangedman_decor_points, minivault_13
D:10:     lemuel_ogre_cave, grunt_lair_entry_orc_guard_hut, serial_shops, shop,
          okawaru_ov_weapons_minmay
D:12:     lemuel_insect_pit, uniq_snorg
D:13:     serial_shops, shop, library_closet, bh_hangedman_babel_library
D:14:     david_vaults_2, serial_shops, nicolae_shop_statue_plus,
          lemuel_coloured_pillars_altar, enter_bailey_7, jmf_multi_god_temple2
D:15:     grunt_enter_depths_snipers, lemuel_tele_altar
Temple:   nicolae_temple_figure_eight
Lair:1:   beast_lair_carwin_8
Lair:3:   swamp_mist, nicolae_spider_entry_tight_spaces, grunt_megastairs_5,
          infiniplex_staircase_pool_2, uniq_gastronok
Lair:4:   basic_altar, serial_bayou_shore_a, grunt_megastairs_4,
          lemuel_fruit_tree
Lair:6:   gammafunk_lair_ancient_temple, slime_altar_1
Orc:1:    basic_altar, nicolae_alphabet_shops
Orc:2:    st_orc_mages, serial_shops, shop, uniq_maurice
Ossuary:  ossuary_tomb_3
Bailey:   bailey_axe_of_yendor_kennysheep, bailey

Skill      XL: |  1  2  3  4  5  6  7  8  9 10 11 12 13 14 15 |
---------------+----------------------------------------------+-----
Dodging        | 1 2 3 4 5 7 8 9 10 | 10.6
Long Blades    | 3 4 5 6 7 9 10 11 12 13 14 | 14.7
Armour         | 2 3 4 5 6 7 8 9 10 | 10.8
Fighting       | 4 5 6 7 8 9 10 11 | 11.9
Throwing       | 1 3 5 6 |  6.0
Stealth        | 2 4 5 6 |  6.5
Evocations     | 2 4 5 6 |  6.5
Necromancy     | 3 5 6 |  6.3

Action                   |  1- 3 |  4- 6 |  7- 9 | 10-12 | 13-15 || total
-------------------------+-------+-------+-------+-------+-------++-------
Melee: Falchion          |    52 |       |       |       |       ||    52
       Scimitar          |    17 |   116 |   250 |   649 |  1625 ||  2657
       Great sword       |       |       |       |       |    51 ||    51
Throw: Tomahawk          |       |       |       |       |     2 ||     2
Evoke: Wand              |       |       |       |     1 |       ||     1
  Use: Scroll            |       |    11 |     4 |    16 |    13 ||    44
       Potion            |       |     1 |       |     3 |     3 ||     7
 Stab: Sleeping          |     1 |     4 |     6 |     8 |    69 ||    88
       Petrifying        |       |       |     3 |       |     5 ||     8
       Petrified         |       |       |     1 |       |     2 ||     3
       Distracted        |       |       |       |     3 |    18 ||    21
       Invisible         |       |       |       |       |    19 ||    19
  Eat: Ration            |     2 |       |       |       |    15 ||    17
       Chunk             |       |     3 |    11 |    17 |    22 ||    53
Armor: Leather armour    |    25 |    29 |    39 |       |       ||    93
       Ring mail         |       |       |    48 |   207 |   327 ||   582
       Skin              |       |       |       |     1 |       ||     1
       Plate armour      |       |       |       |       |   117 ||   117
Dodge: Dodged            |    44 |    55 |   196 |   451 |  1219 ||  1965
Block: Other             |       |       |     3 |   109 |   209 ||   321
       Reflection        |       |       |       |     6 |     6 ||    12
       Rpst.: Falchion   |    14 |       |       |       |       ||    14
       Scimitar          |     1 |    24 |    46 |   111 |   309 ||   491
       Great sword       |       |       |       |       |     9 ||     9

Table legend:
 A = Spawn XP
 B = Non-spawn XP
 C = Spawn XP percentage of total XP
 D = Spawn monster count
 E = Non-spawn monster count
 F = Spawn count percentage of total count
 G = Total turns spent on level
                    A         B        C        D         E        F      G
               +---------+---------+-------+---------+---------+-------+---------
         Total |       0 |  136235 |   0.0 |       0 |     799 |   0.0 | 22440
               +---------+---------+-------+---------+---------+-------+---------
           D:1 |       0 |      43 |   0.0 |       0 |      22 |   0.0 |  1054
           D:2 |       0 |     300 |   0.0 |       0 |      25 |   0.0 |   508
           D:3 |       0 |      82 |   0.0 |       0 |      24 |   0.0 |   774
           D:4 |       0 |     442 |   0.0 |       0 |      12 |   0.0 |   829
           D:5 |       0 |     959 |   0.0 |       0 |      26 |   0.0 |   428
           D:6 |       0 |     826 |   0.0 |       0 |      21 |   0.0 |   635
           D:7 |       0 |    5264 |   0.0 |       0 |      35 |   0.0 |  1265
           D:8 |       0 |    1459 |   0.0 |       0 |      28 |   0.0 |   858
           D:9 |       0 |    6087 |   0.0 |       0 |      35 |   0.0 |   961
          D:10 |       0 |   11542 |   0.0 |       0 |      58 |   0.0 |  1121
          D:11 |       0 |    8331 |   0.0 |       0 |      55 |   0.0 |   967
          D:12 |       0 |    8468 |   0.0 |       0 |      56 |   0.0 |  1298
          D:13 |       0 |    5413 |   0.0 |       0 |      18 |   0.0 |   854
          D:14 |       0 |   14326 |   0.0 |       0 |      55 |   0.0 |  1342
          D:15 |       0 |    8257 |   0.0 |       0 |      21 |   0.0 |  1227
        Lair:1 |       0 |    6565 |   0.0 |       0 |      25 |   0.0 |   797
        Lair:2 |       0 |    1487 |   0.0 |       0 |       8 |   0.0 |   855
        Lair:3 |       0 |    6772 |   0.0 |       0 |      28 |   0.0 |   941
        Lair:4 |       0 |    6646 |   0.0 |       0 |      20 |   0.0 |   641
        Lair:5 |       0 |    6725 |   0.0 |       0 |      28 |   0.0 |   898
        Lair:6 |       0 |   25435 |   0.0 |       0 |      84 |   0.0 |  1376
         Orc:1 |       0 |      43 |   0.0 |       0 |       2 |   0.0 |   339
         Orc:2 |       0 |    7659 |   0.0 |       0 |      54 |   0.0 |  1002
       Ossuary |       0 |     148 |   0.0 |       0 |      16 |   0.0 |   353
        Bailey |       0 |    2956 |   0.0 |       0 |      43 |   0.0 |   906
               +---------+---------+-------+---------+---------+-------+---------
